 Dungeon Crawl Stone Soup version 0.19-a0-75-g99403da (webtiles) character file.

62 Duffy the Chopper (level 3, 29/29 HPs)
             Began as a Demonspawn Fighter on May 10, 2016.
             Quit the game in the Ecumenical Temple.
             The game lasted 00:01:16 (1166 turns).

Duffy the Chopper (Demonspawn Fighter)              Turns: 1166, Time: 00:01:17

Health: 29/29      AC:  7    Str: 17    XL:     3   Next: 85%
Magic:  3/3        EV:  6    Int:  9    God:
Gold:   80         SH:  8    Dex: 12    Spells: 0 memorised, 2 levels left

rFire  + . .     SeeInvis .     a - +0 war axe
rCold  . . .     Gourm    .     b - +0 scale mail
rNeg   . . .     Faith    .     c - +0 shield
rPois  .         Spirit   .     (no helmet)
rElec  .         Dismiss  .     (no cloak)
rCorr  .         Reflect  .     (no gloves)
SustAt .         Harm     .     (no boots)
MR     .....                    (no amulet)
Stlth  ..........               (no ring)
                                k - ring of protection from fire

@: not resistant to hostile enchantments, extremely unstealthy
A: molten scales 1
a: no special abilities


You were in the Ecumenical Temple.
You were hungry.

You visited 2 branches of the dungeon, and saw 6 of its levels.

You collected 80 gold pieces.


Innate Abilities, Weirdness & Mutations

You are partially covered in molten scales (AC +1).


   Skills:
 - Level 3.0 Fighting
 + Level 3.8 Axes
 - Level 2.6 Armour
 - Level 2.6 Shields


You had 2 spell levels left.
You didn't know any spells.

Inventory:

Hand Weapons
 a - a +0 war axe (weapon)
Armour
 b - a +0 scale mail (worn)
 c - a +0 shield (worn)
Jewellery
 k - a ring of protection from fire (left hand)
Wands
 m - a wand of confusion (12/48)
 n - a wand of flame (26/48)
Scrolls
 g - 2 scrolls of identify {unknown}
 i - a scroll of random uselessness {unknown}
 p - a scroll of amnesia {unknown}
Potions
 d - a potion of might
 e - a potion of degeneration {unknown}
 h - a potion of haste {unknown}
 l - a potion of lignification {unknown}
Comestibles
 f - a bread ration
 j - a meat ration
 o - a slice of pizza

Dungeon Overview and Level Annotations

Branches:
Dungeon (5/15)             Temple (1/1) D:5

Altars:
Dithmenos
Makhleb
Nemelex Xobeh
Ru
Xom
Yredelemnul

Shops:
D:5 }


Message History

Your shield and scale mail prevent you from hitting the orc.
The orc is almost dead.
You hit the orc but do no damage.
The orc is moderately wounded.
The orc closely misses you. You block the orc's attack.
You closely miss the orc.
The orc is almost dead.
You hit the orc but do no damage.
The orc is moderately wounded.
The orc hits you but does no damage. x3
You hit the orc but do no damage.
The orc is almost dead.
You hit the orc.
You kill the orc!
The orc hits you but does no damage.
Your shield and scale mail prevent you from hitting the orc.
The orc is almost dead.
The orc hits you with a mace. The orc hits you but does no damage.
You hit the orc.
You kill the orc!
No target in view!
No target in view!
No target in view!
No target in view!
No target in view!
No target in view!
No target in view!
No target in view!
No target in view!
No target in view!
No target in view!
No target in view!
Found a staircase to the Ecumenical Temple.
Things that are here:
a mace; a glowing chain mail; an orc corpse You enter the shallow water.
Moving in this stuff is going to be slow.
Found a bread ration.
Found 15 stones.
There is a staircase to the Ecumenical Temple here.
You climb downwards.
Welcome to the Ecumenical Temple!
Found four altars.
There is a staircase back to the Dungeon here.
HP restored.
Found a basalt altar of Yredelemnul.
Found a shadowy altar of Dithmenos.
Done exploring.
Done exploring.
Done exploring.
Are you sure you want to abandon this character and quit the game? (Confirm with "yes".)

#############
#####...........##
####@................
###....................
###..............8.......
##........._............._
##.........................
##..........................
#........8..................
##.................}...}.....
#............................


There were no monsters in sight!

Action                   || total
-------------------------++-------
Melee: War axe           ||    89
Armor: Scale mail        ||    44
Dodge: Dodged            ||    24
Block: Shield            ||    38

Notes
Turn   | Place    | Note
--------------------------------------------------------------
     0 | D:1      | Duffy the Demonspawn Fighter began the quest for the Orb.
     0 | D:1      | Reached XP level 1. HP: 18/18 MP: 1/1
    67 | D:1      | Reached skill level 2 in Axes
   310 | D:1      | Gained mutation: You are partially covered in molten scales (AC +1). [demonic ancestry]
   310 | D:1      | Reached XP level 2. HP: 23/24 MP: 2/2
   328 | D:2      | Noticed Jessica
   339 | D:2      | Killed Jessica
   339 | D:2      | Reached skill level 3 in Axes
   339 | D:2      | Reached XP level 3. HP: 15/29 MP: 3/3
  1029 | D:5      | Entered Level 5 of the Dungeon
  1029 | D:5      | Found Rulaschuwu's Gadget Shoppe.
  1042 | D:5      | Found a staircase to the Ecumenical Temple.
  1051 | Temple   | Entered the Ecumenical Temple
  1166 | Temple   | Quit the game

Skill      XL: |  1  2 |
---------------+-------+-----
Axes           | 2 3 |  3.8
Fighting       | |  3.0
Armour         | |  2.6
Shields        | |  2.6

Vault maps used:
D:1:      elethiomel_arrival_infinity_welcomes_careful_drivers
D:2:      uniq_jessica
D:3:      serial_co_window_serial, co_window_of_opportunity_a,
          co_window_paths_a, co_window_of_opportunity_a, co_window_corner_a,
          co_window_paths_a, co_window_corner_cb, co_window_unsneaky_path_d,
          co_window_2corner, co_window_corner_b, co_window_2corner,
          co_window_unsneaky_path_c, co_window_of_opportunity_b, co_window_sun,
          co_window_paths_d, grunt_qazlal_clouds, uniq_iyjb
D:4:      kennysheep_little_box
D:5:      grunt_temple_overflow_forces_of_nature, zin_purify,
          minmay_overflow_temple_star_quad, elyvilon_altar_4,
          minmay_temple_entry_mist, serial_shops, nicolae_shop_crystal, shop,
          nicolae_shop_statue_plus, shop_statue, shop, serial_aquarium,
          aquarium_bridge_square, aquarium_window_1, aquarium_window_fake,
          aquarium_view_2c, aquarium_view_2c, aquarium_pool_split, first_bread,
          feat_on_display
Temple:   circular_temple_6

Vanquished Creatures
  Jessica
  An ooze
  4 orcs
  3 ball pythons
  A giant cockroach
  2 goblins
  5 hobgoblins
  2 kobolds
  2 bats
  A giant newt
  5 rats
27 creatures vanquished.
